 Dungeon Crawl Stone Soup version 0.24.1-14-gf8d2b509d9 (webtiles) character file.

Game seed: 10352663244002945716, levelgen mode: deterministic

79 Borgilos the Shield-Bearer (level 4, -1/41 HPs)
             Began as a Minotaur Fighter on May 19, 2020.
             Killed from afar by Sigmund (6 damage)
             ... with a magic dart
             ... on level 2 of the Dungeon.
             The game lasted 00:11:07 (970 turns).

Borgilos the Shield-Bearer (Minotaur Fighter)        Turns: 970, Time: 00:11:07

Health: -1/41      AC:  8    Str: 21    XL:     4   Next: 17%
Magic:  3/3        EV:  8    Int:  5    God:
Gold:   63         SH:  9    Dex: 10    Spells: 2/3 levels left

rFire    . . .     SeeInvis .   a - +0 war axe
rCold    . . .     Gourm    .   c - +0 shield
rNeg     . . .     Faith    .   b - +0 scale mail
rPois    .         Spirit   .   (helmet restricted)
rElec    .         Reflect  .   h - +0 cloak
rCorr    .         Harm     .   (no gloves)
MR       .....                  (no boots)
Stlth    ..........             (no amulet)
HPRegen  0.13/turn              (no ring)
MPRegen  0.08/turn              (no ring)

@: no status effects
A: retaliatory headbutt, horns 2
a: no special abilities


You were on level 2 of the Dungeon.
You were not hungry.

You visited 1 branch of the dungeon, and saw 2 of its levels.

You collected 63 gold pieces.

Inventory:

Hand Weapons
 a - a +0 war axe (weapon)
 i - a +0 hunting sling
 n - a +0 flail
Armour
 b - a +0 scale mail (worn)
 c - a +0 shield (worn)
 h - a +0 cloak (worn)
Scrolls
 e - a scroll of immolation {unknown}
 l - 2 scrolls of teleportation {unknown}
 o - a scroll of random uselessness {unknown}
 p - a scroll of identify {unknown}
 r - a scroll of fog {unknown}
Potions
 d - a potion of might
 j - a potion of degeneration {unknown}
 k - 2 potions of curing {unknown}
 m - a potion of agility {unknown}
 q - a potion of ambrosia {unknown}
Comestibles
 f - 3 rations
 g - 2 chunks of flesh


   Skills:
 + Level 4.3 Fighting
 + Level 3.0 Axes
 + Level 4.2 Armour
 + Level 1.3 Dodging
 + Level 4.4 Shields


You had 2 spell levels left.
You knew the following spells:

 Your Spells              Type           Power        Failure   Level  Hunger
a - Confusing Touch       Hex            #.....       99%         1    ##.....

Your spell library contained the following spells:

 Spells                   Type           Power        Failure   Level  Hunger
 Confuse                  Hex            #.......     100%        3    ####...
 Gell's Gravitas          Tloc           #.........   100%        3    ####...
 Petrify                  Tmut/Erth      #.......     100%        4    #####..
 Metabolic Englaciation   Hex/Ice        #.........   100%        5    ######.
 Yara's Violent Unravell  Hex/Tmut       #.........   100%        5    ######.


Dungeon Overview and Level Annotations

Branches:
Dungeon (2/15)

Altars:

Annotations:
D:2 Sigmund


Innate Abilities, Weirdness & Mutations

You reflexively headbutt those who attack you in melee.
You have a pair of horns on your head.


Message History

Sigmund is almost dead.
Sigmund hits you with a +0 scythe!
You completely miss Sigmund. Your headbutt misses Sigmund.
Sigmund is almost dead.
Sigmund casts a spell.
Sigmund flickers and vanishes!
Deactivating autopickup; reactivate with Ctrl-A.
Something hits you.
You closely miss something. Something hits you. Something hits you.
Something hits you but does no damage.
You hear some strange, mumbled words.
A puff of flame appears from out of thin air!
The puff of flame hits you.
A puff of flame appears from out of thin air!
The puff of flame hits you!
* * * LOW HITPOINT WARNING * * *
A magic dart appears from out of thin air!
The magic dart hits you.
You die...

# #.#####.#.# ##.#
###.#####.#.# #.#
.##.......#.# #.#
.##.#####.#.# #.#
.##.#####.#.# #.#
###.##......####.#######
................#.......
###.##.##..##.......####
#.......###.##@##.#
###...### #.##.# .#
#...# #.##.# .# # #...#
#.##.##.# #
#...#####.......# #
#.........##.####
#####......... #.#
...........## #.#
...........# #.#


There were no monsters in sight!

Vanquished Creatures
  An adder (D:2)
  3 gnolls (D:2)
  An ooze (D:1)
  2 worms (D:2)
  A dart slug (D:1)
  A leopard gecko (D:2)
  A ball python (D:2)
  2 goblins (D:2)
  3 hobgoblins (D:1)
  3 jackals (D:2)
  6 bats
  4 kobolds
  A rat (D:2)
29 creatures vanquished.

Notes
Turn   | Place    | Note
-------+----------+-------------------------------------------
     0 | D:1      | Borgilos the Minotaur Fighter began the quest for the Orb.
     0 | D:1      | Reached XP level 1. HP: 19/19 MP: 0/0
   347 | D:1      | Reached XP level 2. HP: 27/27 MP: 1/1
   668 | D:2      | Reached skill level 1 in Dodging
   668 | D:2      | Reached XP level 3. HP: 31/33 MP: 2/2
   729 | D:2      | Reached XP level 4. HP: 32/40 MP: 3/3
   921 | D:2      | Learned a level 1 spell: Confusing Touch
   947 | D:2      | Noticed Sigmund
   970 | D:2      | Killed from afar by Sigmund

Levels and vault maps discovered:
D:1:      scummos_arrival_checkerplants, layout_loops_ring
D:2:      layout_loops_cross, uniq_sigmund

Skill      XL: |  1  2  3  4 |
---------------+-------------+-----
Fighting       | 4 |  4.3
Shields        | 4 |  4.4
Dodging        | 1 |  1.3
Armour         | 4 |  4.2
Axes           | 3 |  3.0

Action                   |  1- 3 |  4- 6 || total
-------------------------+-------+-------++-------
Melee: War axe           |    49 |    31 ||    80
       Headbutt          |     7 |     6 ||    13
Armor: Scale mail        |    19 |    14 ||    33
Dodge: Dodged            |    18 |     5 ||    23
Block: Shield            |    23 |    26 ||    49
